 Dungeon Crawl Stone Soup version 0.21-a0-19-g210df22 (webtiles) character file.

52 tof the Insei (level 3, -2/26 HPs)
             Began as a Demonspawn Transmuter on May 24, 2017.
             Slain by a scorpion (4 damage)
             ... on level 4 of the Dungeon.
             The game lasted 00:07:30 (2778 turns).

tof the Insei (Demonspawn Transmuter)               Turns: 2778, Time: 00:07:31

Health: -2/26      AC:  2    Str: 10    XL:     3   Next: 60%
Magic:  6/6        EV: 13    Int: 14    God:
Gold:   71         SH:  0    Dex: 14    Spells: 5/6 levels left

rFire    . . .     SeeInvis .     - Unarmed
rCold    . . .     Gourm    .   (no shield)
rNeg     . . .     Faith    .   b - +0 robe
rPois    .         Spirit   .   (no helmet)
rElec    .         Reflect  .   (no cloak)
rCorr    .         Harm     .   (no gloves)
MR       .....                  (no boots)
Stlth    +++.......             (no amulet)
Regen    0.1/turn               m - +1 ring of evasion
MPRegen  0.1/turn               (no ring)

@: no status effects
A: nightstalker 1
a: no special abilities


You were on level 4 of the Dungeon.
You were not hungry.

You visited 1 branch of the dungeon, and saw 4 of its levels.

You collected 71 gold pieces.

Inventory:

Missiles
 a - 33 arrows
Armour
 b - a +0 robe (worn)
Jewellery
 m - a +1 ring of evasion (left hand)
Scrolls
 i - 3 scrolls of remove curse {unknown}
 j - a scroll of amnesia {unknown}
 k - 2 scrolls of identify {unknown}
 l - a scroll of magic mapping {unknown}
 p - a scroll of teleportation {unknown}
Potions
 e - a potion of haste {unknown}
 g - a potion of curing {unknown}
 h - a potion of agility {unknown}
 n - a potion of berserk rage {unknown}
Books
 c - a book of Changes

   Spells                             Type                      Level
   a - Beastly Appendage              Transmutation                1
   b - Sticks to Snakes               Transmutation                2
   c - Spider Form                    Transmutation/Poison         3
   d - Ice Form                       Ice/Transmutation            4
   e - Blade Hands                    Transmutation                5
Comestibles
 d - 3 bread rations
 f - a meat ration
 o - 3 chunks of flesh


   Skills:
 + Level 1.2 Fighting
 + Level 2.0 Dodging
 * Level 1.3 Stealth
 * Level 3.2 Unarmed Combat
 + Level 2.1 Spellcasting
 + Level 2.2 Transmutations


You had 5 spell levels left.
You knew the following spells:

 Your Spells              Type           Power        Failure   Level  Hunger
a - Beastly Appendage     Tmut           #.....       9%          1    #......


Dungeon Overview and Level Annotations

Branches:
Dungeon (4/15)
 Temple: D:4-7

Altars:


Innate Abilities, Weirdness & Mutations

You are slightly more attuned to the shadows.


Message History

The scorpion is moderately wounded.
The scorpion barely misses you.
You hit the scorpion but do no damage.
The scorpion is moderately wounded.
The scorpion barely misses you.
You hit the scorpion but do no damage.
The scorpion is moderately wounded.
Your talons disappear.
The scorpion completely misses you.
You hit the scorpion.
The scorpion is moderately wounded.
The scorpion stings you.
* * * LOW HITPOINT WARNING * * *
You hit the scorpion.
The scorpion is heavily wounded.
The scorpion completely misses you.
You closely miss the scorpion.
The scorpion is heavily wounded.
The scorpion stings you.
You die...

....# .....
.... ...
####..
#.#####....(.
#.>...@s.....
##<.###.###..
#.......#
#....#.####
#<.%..#.#
.....###..
#...# #..
..#. #..


You could see a scorpion.

Vanquished Creatures
  An adder (D:2)
  An ooze (D:1)
  A worm (D:2)
  A dart slug (D:2)
  3 bats
  A giant cockroach (D:1)
  3 goblins
  8 hobgoblins
  A quokka (D:2)
  3 frilled lizards (D:1)
  5 kobolds
  7 rats
35 creatures vanquished.

Notes
Turn   | Place    | Note
-------+----------+-------------------------------------------
     0 | D:1      | tof the Demonspawn Transmuter began the quest for the Orb.
     0 | D:1      | Reached XP level 1. HP: 15/15 MP: 3/3
   448 | D:1      | Reached skill level 3 in Unarmed Combat
   456 | D:1      | Gained mutation: You are slightly more attuned to the shadows. [demonic ancestry]
   456 | D:1      | Reached XP level 2. HP: 21/21 MP: 3/5
  1788 | D:2      | Reached XP level 3. HP: 24/26 MP: 4/6
  1799 | D:2      | Reached skill level 1 in Stealth
  2762 | D:4      | Noticed a scorpion
  2778 | D:4      | Slain by a scorpion

Vault maps used:
D:1:      scummos_arrival_checkerplants, hangedman_abyss_or_decor_lesser_grid
D:2:      first_bread, nrook_loot_triangle, kennysheep_potato
D:3:      wad_lake_hut, grunt_qazlal_sundering
D:4:      serial_shops, shop, uniq_ijyb, uniq_blork_the_orc, uniq_natasha

Skill      XL: |  1  2  3 |
---------------+----------+-----
Unarmed Combat | 3 |  3.2
Transmutations | 2 |  2.2
Dodging        | 2 |  2.0
Stealth        | 1 |  1.3
Fighting       | |  1.2
Spellcasting   | |  2.1

Action                   || total
-------------------------++-------
Melee: Unarmed           ||   157
       Kick              ||    15
       Headbutt          ||     7
       Punch             ||     3
 Cast: Beastly Appendage ||    23
 Stab: Sleeping          ||     7
  Eat: Chunk             ||     6
Armor: Robe              ||    25
Dodge: Dodged            ||    76
